 Dungeon Crawl Stone Soup version 0.24-a0-139-geb6712d (webtiles) character file.

Game seed: 17708363689231817117

21 Anon1729 the Skirmisher (level 2, -2/21 HPs)
             Began as an Octopode Fighter on Mar 2, 2019.
             Slain by an orc
             ... wielding a +0 hand axe
              (4 damage)
             ... on level 2 of the Dungeon.
             The game lasted 00:00:57 (894 turns).

Anon1729 the Skirmisher (Octopode Fighter)           Turns: 894, Time: 00:00:58

Health: -2/21      AC:  1    Str: 15    XL:     2   Next: 83%
Magic:  2/2        EV: 11    Int: 10    God:
Gold:   75         SH:  8    Dex: 11    Spells: 1/1 levels left

rFire    . . .     SeeInvis .     - Unarmed
rCold    . . .     Gourm    +   a - +0 shield
rNeg     . . .     Faith    .   (helmet restricted)
rPois    .         Spirit   .   j - amulet of the gourmand
rElec    .         Reflect  .   (no ring)
rCorr    .         Harm     .   (no ring)
MR       .....                  (no ring)
Stlth    +++.......             (no ring)
HPRegen  0.07/turn              (no ring)
MPRegen  0.08/turn              (no ring)
                                (no ring)
                                (no ring)

@: no status effects
A: almost no armour, stealthy swim, amphibious, 8 rings, constrict 8, camouflage
1, gelatinous body 1
a: no special abilities


You were on level 2 of the Dungeon.
You were not hungry.

You visited 1 branch of the dungeon, and saw 3 of its levels.

You collected 75 gold pieces.

Inventory:

Armour
 a - a +0 shield (worn)
Jewellery
 j - an amulet of the gourmand (around mantle)
Scrolls
 e - 2 scrolls of fog {unknown}
 f - a scroll of enchant weapon {unknown}
 g - a scroll of random uselessness {unknown}
 h - 2 scrolls of identify {unknown}
 i - a scroll of enchant armour {unknown}
Potions
 b - a potion of might
 d - a potion of ambrosia {unknown}
 k - a potion of haste {unknown}
Comestibles
 c - 2 rations


   Skills:
 + Level 3.2 Fighting
 + Level 3.2 Dodging
 + Level 1.3 Stealth
 + Level 3.2 Shields
 + Level 2.2 Unarmed Combat


You had one spell level left.
You didn't know any spells.
Your spell library was empty.

Dungeon Overview and Level Annotations

Branches:
Dungeon (3/15)

Altars:


Innate Abilities, Weirdness & Mutations

You cannot wear most types of armour.
You are very stealthy in the water. (Stealth+)
You are amphibious.
You can wear up to eight rings at the same time.
You can use your tentacles to constrict eight enemies at once.
Your skin changes colour to match your surroundings (Stealth+).
Your rubbery body absorbs attacks. (AC +1, EV +1)


Message History

* * * LOW HITPOINT WARNING * * *
You tentacle-slap the orc.
You kill the orc!
The orc barely misses you.
You completely miss the orc. Your grab misses the orc.
Your squeeze misses the orc. You block the orc's attack. x2
You tentacle-slap the orc. Your grab misses the orc.
You squeeze the orc, but do no damage.
The orc is moderately wounded.
The orc hits you with a +0 club.
* * * LOW HITPOINT WARNING * * *
The orc barely misses you.
You tentacle-slap the orc. Your grab misses the orc.
The orc is almost dead.
The orc closely misses you. The orc hits you with a +0 hand axe.
* * * LOW HITPOINT WARNING * * *
You barely miss the orc. Your grab misses the orc.
The orc is almost dead.
The orc hits you with a +0 hand axe.
You die...

##.# #...
#..# . #.)#
..
#..####.###
#.>........
#.#<.......
###.#....###.
#@o...#......
#.o...#.#####
#.....#.#
###+### #


You could see 2 orcs.

Vanquished Creatures
  A dart slug (D:1)
  An orc (D:2)
  2 bats (D:1)
  2 goblins (D:1)
  5 hobgoblins
  A kobold (D:1)
  A frilled lizard (D:1)
  3 rats (D:1)
16 creatures vanquished.

Notes
Turn   | Place    | Note
-------+----------+-------------------------------------------
     0 | D:1      | Anon1729 the Octopode Fighter began the quest for the Orb.
     0 | D:1      | Reached XP level 1. HP: 16/16 MP: 1/1
   296 | D:1      | Reached XP level 2. HP: 21/21 MP: 2/2
   337 | D:1      | Reached skill level 1 in Stealth
   891 | D:2      | HP: 1/21 [orc/+0 hand axe (3)]
   894 | D:2      | Slain by an orc

Levels and vault maps discovered:
D:1:      wander_arrival_estate, layout_basic, corexii_item_surrounded_by_moat
D:2:      layout_basic, lemuel_doored_altar, grunt_temple_overflow_open,
          old_standard_altar, first_ration, st_stairs_1
D:3:      layout_loops_ring, portal_sewer_entry_a

Skill      XL: |  1  2 |
---------------+-------+-----
Stealth        | 1 |  1.3
Fighting       | |  3.2
Dodging        | |  3.2
Shields        | |  3.2
Unarmed Combat | |  2.2

Action                   || total
-------------------------++-------
Melee: Unarmed           ||    43
       Constrict         ||    13
       Tentacles         ||     6
 Stab: Sleeping          ||     3
  Eat: Chunk             ||     2
Armor: Skin              ||     3
Dodge: Dodged            ||    14
Block: Shield            ||    20

Table legend:
 A = Non-vault XP
 B = Vault XP
 C = Vault XP percentage of total XP
 D = Non-vault monster count
 E = Vault monster count
 F = Vault count percentage of total count
                 A         B        C        D         E       F
            +---------+---------+-------+---------+---------+-------
      Total |      30 |       0 |   0.0 |      16 |       0 |   0.0
            +---------+---------+-------+---------+---------+-------
        D:1 |      25 |       0 |   0.0 |      14 |       0 |   0.0
        D:2 |       5 |       0 |   0.0 |       2 |       0 |   0.0
            +---------+---------+-------+---------+---------+-------
